 Dungeon Crawl Stone Soup version 0.28.0-43-g3370ac3207 (webtiles) character file.

Game seed: 8719552881099523167

219 NinjaNoafa the Skirmisher (level 5, -2/48 HPs)
             Began as a Hill Orc Monk on Mar 30, 2022.
             Was a Priest of Wu Jian.
             Slain by a gnoll
             ... wielding a +0 spear
              (5 damage)
             ... on level 5 of the Dungeon.
             The game lasted 00:26:48 (3726 turns).

NinjaNoafa the Skirmisher (Hill Orc Monk)           Turns: 3726, Time: 00:26:48

Health: -2/48      AC:  9    Str: 12    XL:     5   Next: 96%
Magic:  14/14      EV: 13    Int: 10    God:    Wu Jian [***...]
Gold:   118        SH:  0    Dex: 21    Spells: 4/4 levels left

rFire   . . .      SeeInvis .   a - +1 hand axe
rCold   . . .      Faith    .   (no shield)
rNeg    . . .      Spirit   .   d - +0 leather armour
rPois   .          Reflect  .   (no helmet)
rElec   .          Harm     .   i - +1 cloak
rCorr   +          Rampage  .   (no gloves)
Will    .....                   (no boots)
Stlth   +.........              (no amulet)
HPRegen 0.16/turn               e - ring "Zacyis" {rCorr MP+9 AC+4 Str-2}
MPRegen 0.14/turn               q - +6 ring of dexterity

@: lit by a corona, flying, hasted, glowing, very quick
A: no striking features
a: Renounce Religion, Wall Jump, Serpent's Lash


You were on level 5 of the Dungeon.
You worshipped Wu Jian.
Wu Jian was most pleased with you.
You visited 1 branch of the dungeon, and saw 5 of its levels.

You collected 144 gold pieces.
You spent 26 gold pieces at shops.

Inventory:

Hand Weapons
 a - a +1 hand axe (weapon)
 c - a +2 quarterstaff of chaos
 f - a +0 hunting sling
 s - a +0 hand crossbow
Missiles
 g - 37 sling bullets
 h - 60 stones
 j - 33 arrows
 l - 6 poisoned darts
 m - 3 javelins (quivered)
 n - 37 bolts
 r - 3 boomerangs
Armour
 b - a +0 robe
 d - a +0 leather armour (worn)
 i - a +1 cloak (worn)
Jewellery
 e - the ring "Zacyis" (left hand) {rCorr MP+9 AC+4 Str-2}
   (You acquired it on level 2 of the Dungeon)

   [ring of protection]

   AC:        It affects your AC (+4).
   Str:       It affects your strength (-2).
   MP:        It affects your magic capacity (+9).
   rCorr:     It protects you from acid and corrosion.
 q - a +6 ring of dexterity (right hand)
Potions
 o - a potion of curing


   Skills:
 * Level 5.4 Fighting
 - Level 4.9 Axes
 + Level 0.4 Staves
 + Level 1.3 Throwing
 + Level 3.1 Dodging
 + Level 2.5 Stealth


You had 4 spell levels left.
You didn't know any spells.
Your spell library was empty.

Dungeon Overview and Level Annotations

Branches:
Dungeon (5/15)
 Temple: D:4-7

Altars:
Dithmenos
Qazlal
Ru
Sif Muna
Wu Jian

Shops:
D:2 (   D:3 ?


Message History

You hit the gnoll. You hit the gnoll shaman.
The gnoll shaman closely misses you. The gnoll misses you.
The gnoll hits you from afar with a +0 halberd.
The gnoll misses you.
You hit the gnoll.
The gnoll is almost dead.
You hit the gnoll but do no damage.
You hit the gnoll shaman but do no damage.
The gnoll shaman hits you with a +0 whip!
The gnoll closely misses you.
The gnoll hits you from afar with a +0 halberd.
* * * LOW HITPOINT WARNING * * *
The gnoll closely misses you.
You feel better.
The gnoll shaman mumbles some strange prayers to its god against you.
You are outlined in light.
The gnoll hits you but does no damage. x2
The gnoll closely misses you.
It was a potion of flight.
You feel very buoyant.
You fly up into the air.
The gnoll shaman hits you but does no damage.
The gnoll hits you but does no damage.
The gnoll hits you from afar with a +0 halberd!
* * * LOW HITPOINT WARNING * * *
The gnoll hits you with a +0 spear.
* * * LOW HITPOINT WARNING * * *
You spin and attack the gnoll shaman.
You hit the gnoll shaman.
The gnoll shaman is severely wounded.
You spin and attack the gnoll.
You hit the gnoll.
You kill the gnoll!
The Council accepts your kill.
The gnoll shaman calls upon its god to speed up the gnoll.
The gnoll seems to speed up.
The gnoll hits you from afar with a +0 halberd.
* * * LOW HITPOINT WARNING * * *
The gnoll hits you but does no damage.
It was a potion of haste.
You feel yourself speed up. The gnoll shaman misses you.
The gnoll hits you from afar with a +0 spear.
You die...

# #### ##>. ##<.#
##(..# #...##...#
#..#.#..#######
..#.##...#.......
.........g.......
.......()(.g(....
..........g@.......
.#.......(.........
####...........(..
."..............
#...##...........
#... ..#.........
... ##...########
#...


You could see a gnoll shaman and 2 gnolls.

Vanquished Creatures
  A phantom (D:2)
  Crazy Yiuf (D:3)
  2 gnolls (D:5)
  2 adders
  5 worms
  5 bats (D:1)
  7 endoplasms
  2 giant cockroaches
  14 goblins
  3 hobgoblins
  2 jackals (D:3)
  7 kobolds
  4 quokkas
  4 ball pythons
  4 frilled lizards
  5 rats
68 creatures vanquished.

Vanquished Creatures (others)
  4 fungi (D:3)
4 creatures vanquished.

Grand Total: 72 creatures vanquished

Notes
Turn   | Place    | Note
-------+----------+-------------------------------------------
     0 | D:1      | NinjaNoafa the Hill Orc Monk began the quest for the Orb.
     0 | D:1      | Reached XP level 1. HP: 19/19 MP: 1/1
     2 | D:1      | Noticed a troll
     2 | D:1      | Noticed an octopode
     4 | D:1      | Noticed a spriggan
     4 | D:1      | Noticed a tengu
     8 | D:1      | Noticed a demonspawn
     8 | D:1      | Noticed an elf
    12 | D:1      | Noticed a demigod
    14 | D:1      | Noticed an ogre
    14 | D:1      | Noticed a dwarf
    16 | D:1      | Noticed a formicid
    16 | D:1      | Noticed a felid
    42 | D:1      | Noticed a gargoyle
    44 | D:1      | Noticed a vine stalker
    46 | D:1      | Noticed a vampire
    46 | D:1      | Noticed a naga
    48 | D:1      | Noticed a minotaur
    48 | D:1      | Noticed a draconian
    50 | D:1      | Noticed a merfolk
    50 | D:1      | Noticed a ghoul
    52 | D:1      | Noticed a human
   209 | D:1      | Reached XP level 2. HP: 19/27 MP: 2/2
   251 | D:1      | HP: 1/27 [frozen (4)]
   703 | D:1      | Reached skill level 4 in Fighting
   940 | D:1      | Found a faded altar of an unknown god.
   951 | D:1      | Prayed at the altar of an unknown god.
   951 | D:1      | Became a worshipper of the Wu Jian Council
   951 | D:1      | Reached * piety under Wu Jian
   951 | D:1      | Reached ** piety under Wu Jian
  1092 | D:1      | Reached *** piety under Wu Jian
  1124 | D:2      | Reached XP level 3. HP: 33/33 MP: 3/3
  1175 | D:2      | Found Elatiw Moig's Antique Weapon Boutique.
  1690 | D:2      | Noticed a phantom
  1695 | D:2      | Identified a scroll of acquirement
  1695 | D:2      | Acquired the ring "Zacyis" {rCorr MP+9 AC+4 Str-2}
  1961 | D:2      | Killed a phantom
  1962 | D:2      | Reached XP level 4. HP: 13/41 MP: 4/4
  2194 | D:2      | Reached XP level 5. HP: 47/47 MP: 5/5
  2558 | D:3      | Found a shadowy altar of Dithmenos.
  2630 | D:3      | Reached skill level 5 in Fighting
  2862 | D:3      | Reached skill level 1 in Throwing
  2881 | D:3      | Found a runed translucent door.
  2882 | D:3      | Noticed Crazy Yiuf
  3109 | D:3      | Found Memulun's Magic Scroll Emporium.
  3266 | D:3      | Bought a scroll of identify for 26 gold pieces
  3305 | D:3      | Killed Crazy Yiuf
  3450 | D:4      | Found a shimmering blue altar of Sif Muna.
  3450 | D:4      | Found a sacrificial altar of Ru.
  3450 | D:4      | Found a stormy altar of Qazlal.
  3701 | D:5      | Entered Level 5 of the Dungeon
  3726 | D:5      | Slain by a gnoll

Illustrated notes

Levels and vault maps discovered:
D:1:      kb_arrival_jail, layout_loops_ring,
          hellmonk_ecumenical_altar_pennies_from_heaven
D:2:      layout_basic, serial_shops, nicolae_shop_behind_doors,
          grunt_decor_resistance
D:3:      kennysheep_the_goblin_king, layout_rooms,
          mainiacjoe_overflow_boulevard, serial_shops, nicolae_diamond_shop,
          hangedman_decor_points, uniq_crazy_yiuf_cottage
D:4:      layout_basic, chequers_temple_overflow_statue_of_worship,
          mainiacjoe_overflow_24_doors, nicolae_wormholes
D:5:      layout_rooms, serial_shops, nicolae_square_shop,
          nicolae_shop_bloodbath_and_beyond, nicolae_stop_n_shop_2,
          nicolae_diamond_shop, nicolae_shop_hallway_plus, uniq_prince_ribbit1,
          uniq_blork_the_orc, uniq_eustachio

Skill      XL: |  1  2  3  4  5 |
---------------+----------------+-----
Fighting       | 4 5 |  5.4
Stealth        | 2 |  2.5
Throwing       | 1 |  1.3
Dodging        | 3 |  3.1
Axes           | |  4.9
Staves         | |  0.4

Action                   |  1- 3 |  4- 6 || total
-------------------------+-------+-------++-------
Melee: Hand axe          |    74 |    65 ||   139
       Punch             |     2 |       ||     2
       Quarterstaff      |       |    14 ||    14
 Fire: Hunting sling     |    19 |       ||    19
       Hand crossbow     |       |     6 ||     6
Throw: Stone             |    12 |    17 ||    29
       Dart              |       |    22 ||    22
       Javelin           |       |    12 ||    12
Invok: Whirlwind         |     3 |     5 ||     8
       Lunge             |     1 |     9 ||    10
       Serpent's Lash    |     1 |     2 ||     3
 Abil: Wall Jump         |     1 |       ||     1
  Use: Scroll            |     6 |     5 ||    11
       Potion            |       |     6 ||     6
 Stab: Sleeping          |     3 |     2 ||     5
Armor: Robe              |     4 |       ||     4
       Leather armour    |    23 |    19 ||    42
       Skin              |       |    18 ||    18
Dodge: Dodged            |    53 |    50 ||   103
